 Dungeon Crawl Stone Soup version 0.31.0 (webtiles) character file.

Game seed: 4654494356284866143

267568 qw the Crack Shot (level 20, 0/139 HPs)
             Began as a Gargoyle Hunter on Jan 20, 2024.
             Was a High Priest of Okawaru.
             Collided with a stone wall (23 damage)
             ... after being knocked back by Sojobo
             ... while paralysed by an air elemental
             ... on level 3 of the Vaults.
             The game lasted 00:07:39 (34547 turns).

qw the Crack Shot (Gargoyle Hunter)                Turns: 34547, Time: 00:07:40

Health: 0/139      AC: 29    Str: 14    XL:     20   Next: 53%
Magic:  25/27      EV:  2    Int:  8    God:    Okawaru [*****.]
Gold:   1622       SH:  0    Dex: 35    Spells: 19/19 levels left

rFire   + . .        p - +4 hand cannon of the Skies Above {freeze, rN++ Int-4 Stlth+}
rCold   . . .        (no shield)
rNeg    + + +        w - +0 troll leather armour
rPois   inf          z - +2 helmet
rElec   +            c - +0 cloak
rCorr   .            j - +0 pair of gloves of the Wumpus {rF+ Will- Dex+4}
SInv    .            m - +1 pair of boots
Will    .....        B - amulet of faith
Stlth   +++++        f - +6 ring of dexterity
HPRegen 1.23/turn    k - +6 ring of dexterity
MPRegen 0.20/turn

%: faith
@: paralysed, heroic, finesse-ful, flying
A: sickness immunity, AC +15, big wings, negative energy resistance 1,
electricity resistance, torment resistance 1, petrification resistance, dopey 1
}: 1/15 runes: barnacled
a: Renounce Religion, Heroism, Finesse, Duel


You were on level 3 of the Vaults.
You worshipped Okawaru.
Okawaru was extremely pleased with you.
You visited 7 branches of the dungeon, and saw 33 of its levels.
You visited the Abyss 1 time.
You also visited: Ossuary.

You collected 4265 gold pieces.
You spent 2643 gold pieces at shops.


Innate Abilities, Weirdness & Mutations

You are immune to sickness and miasma.
Your stone body is resilient. (AC +15)
You are immune to poison.
Your large and strong wings let you fly.
You resist negative energy. (rN+)
You are resistant to electric shocks. (rElec)
You are resistant to unholy torment.
You are immune to petrification.
You are dopey. (Int -2)


   Skills:
 - Level 19.0(24.0) Fighting
 - Level 24.0(27) Ranged Weapons
 - Level 10.1(15.1) Armour
 + Level 14.6(19.6) Dodging
 - Level 1.1(6.1) Stealth
 - Level 10.0 Invocations


You had 19 spell levels left.
You didn't know any spells.
Your spell library was empty.

Inventory:

Hand Weapons
 p - the +4 hand cannon of the Skies Above (weapon) {freeze, rN++ Int-4 Stlth+}
   (You acquired it on level 2 of the Snake Pit)

   Int-4:     It affects your intelligence (-4).
   rN++:      It greatly protects you from negative energy.
   Stlth+:    It makes you more stealthy.
Armour
 c - a +0 cloak (worn)
 j - the +0 pair of gloves of the Wumpus (worn) {rF+ Will- Dex+4}
   (You found it on level 4 of the Shoals)

   Dex+4:     It affects your dexterity (+4).
   rF+:       It protects you from fire.
   Will-:     It decreases your willpower.
 m - a +1 pair of boots (worn)
 w - a +0 troll leather armour (worn)
 z - a +2 helmet (worn)
 A - a +2 robe of fire resistance
Jewellery
 f - a +6 ring of dexterity (left hand)
 k - a +6 ring of dexterity (right hand)
 t - an amulet of reflection
 B - an amulet of faith (around neck)
Wands
 a - a wand of roots (48)
 e - a wand of paralysis (34)
 h - a wand of polymorph (23)
 r - a wand of digging (11)
 v - a wand of light (13)
Scrolls
 s - 2 scrolls of teleportation
Potions
 g - 6 potions of mutation
 i - 10 potions of curing
 l - 5 potions of might
 n - 3 potions of haste
 o - 7 potions of magic
 q - 2 potions of resistance
 x - 7 potions of enlightenment

Dungeon Overview and Level Annotations

Branches:
Dungeon (15/15)            Temple (1/1) D:5            Lair (5/5) D:9
 Shoals (4/4) Lair:3        Snake (3/4) Lair:2        Slime (0/5) Lair:4
    Orc (2/2) D:12            Elf (0/3) Orc:2        Vaults (3/5) D:13
  Crypt (0/3) Vaults:2     Depths (0/4) D:15        Ossuary (visited)

Altars:
Ashenzari
Cheibriados
Dithmenos
Elyvilon
Fedhas
Gozag
Hepliaklqana
Kikubaaqudgha
Makhleb
Nemelex Xobeh
Okawaru
Qazlal
Ru
Sif Muna
Trog
Uskayaw
Vehumet
Wu Jian
Xom
Yredelemnul
Zin
The Shining One
Jiyva

Shops:
D:7 =   D:8 :   Orc:2 =![*   Shoals:1 (   Shoals:4 [   Vaults:3 :[

Portals:
Pandemonium: Orc:2

Annotations:
D:3 3 runed translucent doors, qw's ghost, amateur GrHu
D:12 1 runed translucent door, Plazmod's ghost, journeyman DECj
Lair:1 3 runed translucent doors, qw's ghost, journeyman GrHu
Lair:4 2 transporters, qw's ghost, journeyman GrHu
Shoals:2 2 runed translucent doors, royokou's ghost, adept GrEE
Snake:1 2 transporters, qw's ghost, adept GrHu
Orc:1 2 runed translucent doors
Vaults:3 Sojobo


Message History

You shoot a bolt. The bolt completely misses Sojobo.
The air elemental fires a burst of electricity at you.
The stunning burst misses you.
The air elemental completely misses you.
Sojobo completely misses you. x2; Sojobo claws you.
The air elemental fires a burst of electricity at you.
The stunning burst misses the air elemental.
The stunning burst misses you. The air elemental barely misses you.
You shoot a bolt. The bolt closely misses Sojobo.
The air elemental completely misses you. x2
Sojobo closely misses you. Sojobo completely misses you.
Sojobo claws you but does no damage.
You shoot a bolt. The bolt misses Sojobo.
The air elemental completely misses you.
The air elemental fires a burst of electricity at you.
The stunning burst misses the air elemental.
The stunning burst misses you.
The air elemental completely misses you.
The air elemental barely misses you.
You shoot a bolt. The bolt hits Sojobo!!!
The bolt freezes Sojobo!!
Sojobo is almost dead.
The sentinel's mark upon you fades away.
The air elemental misses you.
The air elemental fires a burst of electricity at you.
The stunning burst hits you. You resist.
You suddenly lose the ability to move!
Sojobo hits you with a +2 triple sword of electrocution!
Sojobo pecks you but does no damage. Sojobo claws you but does no damage.
The air elemental hits you but does no damage.
The air elemental completely misses you.
The air elemental fires a burst of electricity at you.
The stunning burst hits you but does no damage.
The air elemental completely misses you.
The air elemental fires a burst of electricity at you.
The stunning burst hits you but does no damage.
Sojobo conjures a fierce blast of wind!
The air elemental is knocked back by the gust of wind. x3
You are knocked back by the gust of wind.
You slam into the stone wall!
You die...
Sojobo says, "Just as planned."

)+.#'#######.....<....###[.....#
##.#...#...#.......>....#......#
##.#.....>.#............#......#
##.#.......#............#......#
##.#.#.###'#.)..........#[.....#
##.#.......#.......^.####......#
#.#...#)..#......#'##.........##
..#...#...'...####.EE...........
..#############@0)..............
..........Q00..E............
............./..............
######)##################### #.
.. ... .... #....


You could see Sojobo (repels missiles) and 3 air elementals.

Vanquished Creatures
  Zenata (Vaults:1)
  Rupert (Lair:4)
  Gastronok (Lair:2)
  3 tengu reavers
  Aizul (Snake:2)
  2 nagarajas (Snake:2)
  4 vault wardens
  2 orc warlords (Vaults:3)
  4 very ugly things (Abyss:3)
  5 ironbound thunderhulks
  14 ironbound preservers
  A formless jellyfish (Shoals:4)
  A stone giant (D:15)
  A dire elephant (Vaults:1)
  Snorg (Lair:3)
  An entropy weaver (Vaults:3)
  3 merfolk impalers (Shoals:4)
  3 merfolk javelineers (Shoals:4)
  2 ettins
  A fire dragon (D:12)
  4 yaktaur captains
  Fannar (D:11)
  A salamander tyrant (Snake:2)
  8 vault guards (D:13)
  3 great orbs of eyes
  7 ironbound frosthearts
  A merfolk avatar (Shoals:2)
  A peacekeeper (Vaults:3)
  3 merfolk aquamancers (Shoals:4)
  An ogre mage (D:15)
  9 hydras
  4 tengu warriors
  4 alligator snapping turtles
  12 centaur warriors
  4 anacondas
  4 catoblepae
  2 death knights (Vaults:2)
  8 two-headed ogres
  3 boulder beetles
  8 naga warriors
  A satyr (Shoals:2)
  5 death yaks (Lair:5)
  4 hell hogs (Abyss:3)
  2 shock serpents (Snake:2)
  4 naga sharpshooters
  An occultist (D:15)
  4 orc high priests (Orc:2)
  A deep elf knight (D:12)
  Urug (Lair:5)
  A thrashing horror (Abyss:3)
  A hell knight (D:15)
  10 skeletal warriors
  A wretched star (D:15)
  5 skysharks
  2 sixfirhies
  2 mana vipers (Snake:2)
  A salamander mystic (Snake:2)
  A swamp dragon (D:15)
  51 deep trolls
  8 sea snakes
  8 orc knights
  2 glowing orange brains
  A large abomination (Abyss:3)
  2 arcanists
  18 ironbound convokers
  2 necromancers
  19 lindwurms
  20 harpies
  A naga ritualist (Snake:1)
  5 deep elf pyromancers
  A deep elf zephyrmancer (D:12)
  2 phantasmal warriors
  22 ugly things
  4 salamanders
  6 orc sorcerers
  A wolf spider (shapeshifter) (Vaults:3)
  15 manticores
  9 fauns
  2 wolf spider zombies (D:13)
  Maurice (D:10)
  6 cyclopes
  A worldbinder (Abyss:3)
  6 merfolk sirens
  15 elephants
  Joseph (D:10)
  A kobold blastminer (Orc:1)
  12 vault sentinels
  3 meliai (D:14)
  A smoke demon (Abyss:3)
  7 centaur zombies (D:13)
  19 black mambas
  5 naga magi
  A rust devil (Orc:2)
  3 water nymphs
  4 gargoyles
  3 apocalypse crabs (Shoals:2)
  An orange demon (Orc:2)
  An unseen horror (D:10)
  13 cane toads
  3 rime drakes
  5 komodo dragons
  3 freezing wraiths
  Psyche (D:12)
  4 kobold demonologists
  2 ancient zymes (Abyss:3)
  6 yaktaurs
  An efreet (D:14)
  2 tengu conjurers (D:15)
  22 merfolk
  4 wind drakes
  A hellwing (Abyss:3)
  3 polar bears
  A tarantella (Vaults:3)
  Grinder (D:3)
  7 raiju (Abyss:3)
  A troll (D:12)
  4 blink frogs (Lair:1)
  3 dream sheep (Shoals:1)
  A meliai zombie (D:13)
  22 slime creatures
  4 snapping turtles
  A jumping spider (Vaults:3)
  4 small abominations
  A ynoxinul (Orc:2)
  6 wraiths
  2 starcursed masses (Abyss:3)
  6 wyverns
  3 vampires
  4 shadows
  2 steam dragons
  11 water elementals
  64 yaks
  3 wargs
  A basilisk (shapeshifter) (D:15)
  3 basilisks
  8 vampire mosquitoes
  Grum (D:8)
  A redback (Vaults:3)
  3 chaos spawn
  16 nagas
  5 acid dragons
  3 swamp worms (Lair:3)
  7 water moccasins
  A hornet zombie (D:13)
  26 orc warriors
  7 black bears
  6 boggarts
  11 centaurs
  8 ogres
  12 wolves
  A phantom (D:5)
  4 weeping skulls (Abyss:3)
  6 kobold brigands
  3 gnoll sergeants
  14 bullfrogs
  2 scorpions
  2 burial acolytes (Ossuary)
  3 wights
  8 killer bees
  A killer bee (shapeshifter) (D:14)
  7 howler monkeys
  3 lava snakes (Lair:2)
  A human zombie (Ossuary)
  A bombardier beetle (D:5)
  4 hounds
  33 orc priests
  16 jellies
  6 iguanas
  A sleepcap (D:6)
  27 orc wizards
  6 mummies (Ossuary)
  29 gnolls
  7 adders
  A shadow imp (D:6)
  A white imp (D:6)
  3 ribbon worms
  A dart slug (D:1)
  81 orcs
  6 ball pythons
  3 bats
  9 endoplasms
  2 giant cockroaches
  A gnoll zombie (Ossuary)
  11 goblins
  7 hobgoblins
  4 jackals (D:1)
  16 kobolds
  6 quokkas
  5 frilled lizards
  2 kobold zombies (Ossuary)
  4 orc zombies (Ossuary)
  5 rats
1170 creatures vanquished.

Vanquished Creatures (collateral kills)
  An orc high priest (Orc:2)
  An orc sorcerer (Orc:2)
  A kobold brigand (D:12)
  An orc priest (Orc:2)
  2 kobolds (D:12)
6 creatures vanquished.

Vanquished Creatures (others)
  An ugly thing (Abyss:3)
1 creature vanquished.

Grand Total: 1177 creatures vanquished

Notes
Turn   | Place    | Note
-------+----------+-------------------------------------------
     0 | D:1      | qw the Gargoyle Hunter began the quest for the Orb.
     0 | D:1      | Reached XP level 1. HP: 12/12 MP: 1/1
     0 | D:1      | 0 ||| qw: Version: 0.3-a-132-g3d54051
     0 | D:1      | 0 ||| qw: Game counter: 491
     0 | D:1      | 0 ||| qw: Melee chars always use a shield: true
     0 | D:1      | 0 ||| qw: God list: Okawaru
     0 | D:1      | 0 ||| qw: Allow faded altars: false
     0 | D:1      | 0 ||| qw: Do Orc after clearing Dungeon:15 true
     0 | D:1      | 0 ||| qw: Do second Lair branch before Depths: true
     0 | D:1      | 0 ||| qw: Lair rune preference: random
     0 | D:1      | 0 ||| qw: Goals: Normal
     0 | D:1      | 0 ||| PLANNING D:1-11
    41 | D:1      | Reached XP level 2. HP: 14/17 MP: 2/2
   132 | D:1      | 132 ||| READING scroll labelled HORA JAOSOT.
   132 | D:1      | 132 ||| IDENTIFYING sedimented brown potion
   133 | D:1      | 133 ||| READING scroll labelled IFE BEMEILL.
   374 | D:1      | Reached XP level 3. HP: 21/21 MP: 3/3
   467 | D:1      | Reached skill level 5 in Ranged Weapons
   782 | D:1      | 782 ||| DROPPING scroll of butterflies.
   783 | D:1      | 783 ||| DROPPING potion of magic.
   860 | D:2      | Reached skill level 3 in Fighting
   871 | D:2      | Reached XP level 4. HP: 28/28 MP: 4/4
  1420 | D:2      | 1420 ||| UPGRADING to ring of positive energy.
  1421 | D:2      | 1421 ||| UPGRADING to +4 ring of protection.
  1422 | D:2      | 1422 ||| READING 3 scrolls of identify.
  1422 | D:2      | 1422 ||| IDENTIFYING amethyst potion
  1423 | D:2      | 1423 ||| READING 2 scrolls of identify.
  1423 | D:2      | 1423 ||| IDENTIFYING fuming golden potion
  1424 | D:2      | 1424 ||| READING scroll of identify.
  1424 | D:2      | 1424 ||| IDENTIFYING 2 viscous blue potions
  1425 | D:2      | 1425 ||| READING 3 scrolls labelled SUNAZANEUPT.
  1426 | D:2      | 1426 ||| READING scroll labelled ONAFIY BULI.
  1427 | D:2      | 1427 ||| FLEEEEING.
  1429 | D:2      | 1429 ||| READING scroll labelled KEPOEH ZOOSO.
  1430 | D:2      | 1430 ||| DROPPING potion of lignification.
  1431 | D:2      | 1431 ||| DROPPING 2 scrolls of blinking.
  1472 | D:3      | 1472 ||| RETREEEEATING.
  1473 | D:3      | 1473 ||| RETREEEEATING.
  1481 | D:3      | 1481 ||| RETREEEEATING.
  1482 | D:3      | 1482 ||| RETREEEEATING.
  1483 | D:3      | 1483 ||| RETREEEEATING.
  1503 | D:3      | Reached XP level 5. HP: 15/32 MP: 5/5
  1508 | D:3      | 1508 ||| FLEEEEING.
  1514 | D:3      | 1514 ||| STAIRDANCE
  1785 | D:3      | Reached skill level 6 in Ranged Weapons
  1785 | D:3      | 1785 ||| FLEEEEING.
  1792 | D:3      | 1792 ||| STAIRDANCE
  1821 | D:2      | 1821 ||| UPGRADING to +0 ring mail.
  1831 | D:2      | 1831 ||| DROPPING +0 leather armour.
  1903 | D:3      | Noticed Grinder
  1905 | D:3      | Paralysed by Grinder for 4 turns
  1919 | D:3      | Paralysed by Grinder for 3 turns
  1922 | D:3      | Killed Grinder
  1923 | D:3      | Reached XP level 6. HP: 17/37 MP: 6/6
  1923 | D:3      | 1923 ||| FLEEEEING.
  2016 | D:3      | Found a faded altar of an unknown god.
  2077 | D:3      | 2077 ||| FLEEEEING.
  2088 | D:3      | 2088 ||| FLEEEEING.
  2099 | D:3      | 2099 ||| FLEEEEING.
  2158 | D:3      | Found a runed translucent gate.
  2158 | D:3      | Found a runed translucent gate.
  2158 | D:3      | Found a runed translucent gate.
  2162 | D:3      | Noticed qw's ghost (amateur GrHu)
  2414 | D:3      | 2414 ||| UPGRADING to +0 cloak.
  2419 | D:3      | 2419 ||| UPGRADING to +0 leather armour of fire resistance.
  2429 | D:3      | 2429 ||| READING scroll of identify.
  2429 | D:3      | 2429 ||| IDENTIFYING fizzy emerald potion
  2430 | D:3      | 2430 ||| READING scroll labelled LOTZYSTRIOZYU.
  2431 | D:3      | 2431 ||| DRINKING 2 fuming brown potions.
  2431 | D:3      | Gained mutation: You are dopey. (Int -2) [potion of
                  | mutation]
  2432 | D:3      | 2432 ||| DROPPING potion of attraction.
  2649 | D:4      | Reached XP level 7. HP: 43/43 MP: 7/7
  2954 | D:4      | 2954 ||| FLEEEEING.
  2965 | D:4      | 2965 ||| FLEEEEING.
  2970 | D:4      | Reached skill level 7 in Ranged Weapons
  2992 | D:4      | 2992 ||| FLEEEEING.
  3259 | D:4      | 3259 ||| READING scroll labelled BUCVEPH FACUTE.
  3260 | D:4      | 3260 ||| READING scroll labelled NARUSH FINOR.
  3284 | D:5      | Entered Level 5 of the Dungeon
  3285 | D:5      | 3285 ||| PLANNING OSSUARY
  3289 | D:5      | 3289 ||| STAIRDANCE
  3349 | D:5      | 3349 ||| RETREEEEATING.
  3354 | D:5      | 3354 ||| RETREEEEATING.
  3382 | D:5      | Reached XP level 8. HP: 16/48 MP: 8/8
  3383 | D:5      | 3383 ||| FLEEEEING.
  3390 | D:5      | Reached skill level 8 in Ranged Weapons
  3408 | D:5      | 3408 ||| FLEEEEING.
  3411 | D:5      | 3411 ||| STAIRDANCE
  3534 | D:5      | HP: 8/48 [gnoll sergeant/+5 trident of venom (15)]
  3535 | D:5      | 3535 ||| DRINKING 3 potions of heal wounds.
  3537 | D:5      | 3537 ||| DRINKING 2 potions of heal wounds.
  3546 | D:5      | 3546 ||| FLEEEEING.
  3547 | D:5      | 3547 ||| FLEEEEING.
  3548 | D:5      | 3548 ||| FLEEEEING.
  3549 | D:5      | 3549 ||| FLEEEEING.
  3550 | D:5      | 3550 ||| FLEEEEING.
  3551 | D:5      | 3551 ||| STAIRDANCE
  3673 | D:5      | 3673 ||| STAIRDANCE
  3675 | D:4      | 3675 ||| FLEEEEING.
  3804 | D:5      | Found a staircase to the Ecumenical Temple.
  3851 | D:5      | Found a sand-covered staircase.
  3852 | D:5      | 3852 ||| UPGRADING to amulet of guardian spirit.
  3860 | Ossuary  | Entered an ossuary
  4164 | Ossuary  | Reached skill level 9 in Ranged Weapons
  4169 | Ossuary  | HP: 7/49 [mummy (8)]
  4170 | Ossuary  | 4170 ||| DRINKING 4 potions of heal wounds.
  4265 | Ossuary  | 4265 ||| READING scroll labelled FAHABLAETS.
  4266 | Ossuary  | 4266 ||| READING scroll labelled SYKLANTOUSO.
  4285 | D:5      | 4285 ||| PLANNING TEMPLE
  4304 | Temple   | Entered the Ecumenical Temple
  4305 | Temple   | 4305 ||| PLANNING OKAWARU WORSHIP
  4318 | Temple   | Became a worshipper of Warmaster Okawaru
  4319 | Temple   | 4319 ||| PLANNING D:1-11
  4319 | Temple   | 4319 ||| REMOVING amulet of guardian spirit.
  4324 | Temple   | 4324 ||| DROPPING amulet of guardian spirit.
  4400 | D:5      | 4400 ||| FLEEEEING.
  4464 | D:5      | 4464 ||| RETREEEEATING.
  4466 | D:5      | 4466 ||| RETREEEEATING.
  4467 | D:5      | 4467 ||| RETREEEEATING.
  4473 | D:5      | Reached skill level 6 in Fighting
  4715 | D:5      | 4715 ||| FLEEEEING.
  4849 | D:5      | 4849 ||| READING 2 scrolls of identify.
  4849 | D:5      | 4849 ||| IDENTIFYING sapphire potion
  4850 | D:5      | 4850 ||| READING scroll of identify.
  4850 | D:5      | 4850 ||| IDENTIFYING viscous cyan potion
  4851 | D:5      | 4851 ||| DROPPING potion of brilliance.
  4893 | D:6      | Reached XP level 9. HP: 49/55 MP: 9/9
  4893 | D:6      | 4893 ||| STAIRDANCE
  5267 | D:6      | Reached skill level 10 in Ranged Weapons
  5361 | D:6      | Reached * piety under Okawaru
  5362 | D:6      | Reached skill level 3 in Dodging
  5364 | D:6      | Reached skill level 1 in Invocations
  5434 | D:6      | 5434 ||| FLEEEEING.
  5779 | D:6      | 5779 ||| UPGRADING to +0 pair of boots.
  5784 | D:6      | 5784 ||| READING scroll labelled PAEM WOUPTE.
  5784 | D:6      | Identified a scroll of acquirement
  5784 | D:6      | 5784 ||| ACQUIRING +0 pair of fencer's gloves {Riposte
                  | Dex+3}
  5784 | D:6      | Acquired the +0 pair of fencer's gloves {Riposte Dex+3}
  5784 | D:6      | Found the +0 pair of fencer's gloves {Riposte Dex+3}
  5786 | D:6      | 5786 ||| UPGRADING to +0 pair of fencer's gloves {Riposte
                  | Dex+3}.
  5903 | D:7      | 5903 ||| READING scroll of acquirement.
  5903 | D:7      | 5903 ||| ACQUIRING +5 orcbow of flaming
  5903 | D:7      | Acquired a +5 orcbow of flaming
  5905 | D:7      | 5905 ||| SWAPPING to +5 orcbow of flaming.
  5906 | D:7      | 5906 ||| DROPPING +0 shortbow.
  5943 | D:7      | Reached skill level 3 in Invocations
  6006 | D:7      | Found Mozosoror's Jewellery Shop.
  6010 | D:7      | 6010 ||| SHOPLISTING +4 ring of protection (396 gold, have
                  | 352).
  6010 | D:7      | 6010 ||| SHOPLISTING +6 ring of dexterity (396 gold, have
                  | 352).
  6010 | D:7      | 6010 ||| SHOPLISTING +6 ring of strength (396 gold, have
                  | 352).
  6010 | D:7      | 6010 ||| BUYING amulet of reflection (330 gold).
  6010 | D:7      | Bought an amulet of reflection for 330 gold pieces
  6043 | D:7      | Identified the +0 robe of the Orcish Mines {Rampage rPois
                  | rF+ Dex-3}
  6307 | D:7      | 6307 ||| DROPPING +0 robe of the Orcish Mines {Rampage
                  | rPois rF+ Dex-3}.
  6308 | D:7      | 6308 ||| UPGRADING to amulet of reflection.
  6313 | D:7      | 6313 ||| UPGRADING to +5 ring of evasion.
  6315 | D:7      | 6315 ||| DROPPING ring of positive energy.
  6353 | D:8      | 6353 ||| STAIRDANCE
  6355 | D:7      | 6355 ||| FLEEEEING.
  6451 | D:8      | 6451 ||| STAIRDANCE
  6453 | D:7      | 6453 ||| FLEEEEING.
  6552 | D:8      | 6552 ||| STAIRDANCE
  6580 | D:8      | 6580 ||| STAIRDANCE
  6590 | D:8      | 6590 ||| STAIRDANCE
  6592 | D:7      | 6592 ||| FLEEEEING.
  6606 | D:8      | 6606 ||| FLEEEEING.
  6607 | D:8      | 6607 ||| STAIRDANCE
  6652 | D:8      | 6652 ||| STAIRDANCE
  6658 | D:7      | 6658 ||| FLEEEEING.
  6710 | D:8      | 6710 ||| STAIRDANCE
  6716 | D:7      | 6716 ||| FLEEEEING.
  6811 | D:8      | Noticed Grum
  6812 | D:8      | Reached ** piety under Okawaru
  6817 | D:8      | Killed Grum
  6818 | D:8      | Reached skill level 11 in Ranged Weapons
  6822 | D:8      | Reached XP level 10. HP: 61/63 MP: 13/13
  6845 | D:8      | Found Egozux's Book Emporium.
  7030 | D:8      | Found a shimmering blue altar of Sif Muna.
  7077 | D:8      | 7077 ||| FLEEEEING.
  7078 | D:8      | 7078 ||| FLEEEEING.
  7079 | D:8      | 7079 ||| FLEEEEING.
  7080 | D:8      | 7080 ||| FLEEEEING.
  7081 | D:8      | 7081 ||| FLEEEEING.
  7082 | D:8      | 7082 ||| FLEEEEING.
  7083 | D:8      | 7083 ||| FLEEEEING.
  7151 | D:8      | 7151 ||| RETREEEEATING.
  7185 | D:8      | 7185 ||| FLEEEEING.
  7276 | D:8      | Found a shadowy altar of Dithmenos.
  7332 | D:8      | Reached *** piety under Okawaru
  7470 | D:8      | 7470 ||| DROPPING +0 ring mail.
  7471 | D:8      | 7471 ||| DRINKING 2 sedimented blue potions.
  7496 | D:9      | Found a staircase to the Lair.
  7503 | D:9      | 7503 ||| RETREEEEATING.
  7504 | D:9      | 7504 ||| RETREEEEATING.
  7529 | D:9      | 7529 ||| FLEEEEING.
  7530 | D:9      | 7530 ||| FLEEEEING.
  7531 | D:9      | 7531 ||| STAIRDANCE
  7557 | D:9      | 7557 ||| STAIRDANCE
  7561 | D:8      | Reached skill level 12 in Ranged Weapons
  7643 | D:9      | Noticed a kobold demonologist
  7643 | D:9      | 7643 ||| FLEEEEING.
  7711 | D:9      | Reached **** piety under Okawaru
  7744 | D:9      | 7744 ||| RETREEEEATING.
  7746 | D:9      | 7746 ||| RETREEEEATING.
  7751 | D:9      | 7751 ||| RETREEEEATING.
  7771 | D:9      | Reached XP level 11. HP: 66/69 MP: 14/14
  7778 | D:9      | Reached skill level 13 in Ranged Weapons
  7778 | D:9      | 7778 ||| FLEEEEING.
  7785 | D:9      | 7785 ||| FLEEEEING.
  7885 | D:9      | Found a hide-covered altar of Uskayaw.
  8085 | D:9      | 8085 ||| PLANNING LAIR
  8085 | D:9      | 8085 ||| DRINKING 2 brown potions.
  8086 | D:9      | 8086 ||| DRINKING 8 potions of curing.
  8086 | D:9      | 8086 ||| (to cure confusion)
  8087 | D:9      | 8087 ||| DROPPING potion of ambrosia.
  8144 | Lair:1   | Entered Level 1 of the Lair of Beasts
  8149 | Lair:1   | 8149 ||| STAIRDANCE
  8157 | D:9      | Reached skill level 6 in Invocations
  8198 | Lair:1   | HP: 12/69 [komodo dragon (9)]
  8199 | Lair:1   | 8199 ||| READING 4 scrolls of teleportation.
  8200 | Lair:1   | 8200 ||| DRINKING 6 potions of heal wounds.
  8388 | Lair:1   | Reached ***** piety under Okawaru
  8389 | Lair:1   | Reached skill level 9 in Fighting
  8442 | Lair:1   | Received a gift from Okawaru
  8466 | Lair:1   | Noticed qw's ghost (journeyman GrHu)
  8468 | Lair:1   | Noticed a minotaur
  8484 | Lair:1   | 8484 ||| RETREEEEATING.
  8486 | Lair:1   | 8486 ||| RETREEEEATING.
  8487 | Lair:1   | 8487 ||| RETREEEEATING.
  8488 | Lair:1   | 8488 ||| RETREEEEATING.
  8489 | Lair:1   | 8489 ||| RETREEEEATING.
  8490 | Lair:1   | 8490 ||| RETREEEEATING.
  8491 | Lair:1   | 8491 ||| RETREEEEATING.
  8496 | Lair:1   | 8496 ||| RETREEEEATING.
  8497 | Lair:1   | 8497 ||| RETREEEEATING.
  8499 | Lair:1   | 8499 ||| RETREEEEATING.
  8500 | Lair:1   | 8500 ||| RETREEEEATING.
  8501 | Lair:1   | 8501 ||| RETREEEEATING.
  8561 | Lair:1   | Found a runed translucent gate.
  8561 | Lair:1   | Found a runed translucent gate.
  8561 | Lair:1   | Found a runed translucent gate.
  8665 | Lair:1   | Found an ornate altar of the Wu Jian Council.
  8988 | Lair:1   | Noticed an eight-headed hydra
  8989 | Lair:1   | 8989 ||| INVOKING Finesse.
  9001 | Lair:1   | Killed an eight-headed hydra
  9231 | Lair:1   | 9231 ||| DROPPING amulet of regeneration.
  9247 | Lair:2   | Noticed a catoblepas
  9248 | Lair:2   | 9248 ||| INVOKING Finesse.
  9253 | Lair:2   | Killed a catoblepas
  9254 | Lair:2   | Reached skill level 9 in Invocations
  9287 | Lair:2   | Noticed Gastronok
  9298 | Lair:2   | 9298 ||| INVOKING Finesse.
  9299 | Lair:2   | 9299 ||| INVOKING Finesse.
  9304 | Lair:2   | Killed Gastronok
  9305 | Lair:2   | Reached XP level 12. HP: 72/76 MP: 12/19
  9379 | Lair:2   | Reached skill level 14 in Ranged Weapons
  9463 | Lair:2   | Noticed a four-headed hydra
  9464 | Lair:2   | 9464 ||| RETREEEEATING.
  9466 | Lair:2   | 9466 ||| RETREEEEATING.
  9469 | Lair:2   | 9469 ||| ZAPPING wand of light (10) at -3,-1 (four-headed
                  | hydra; floor).
  9472 | Lair:2   | 9472 ||| ZAPPING wand of light (9) at -2,-1 (four-headed
                  | hydra; floor).
  9473 | Lair:2   | 9473 ||| INVOKING Finesse.
  9479 | Lair:2   | Killed a four-headed hydra
  9479 | Lair:2   | Received a gift from Okawaru
  9615 | Lair:2   | 9615 ||| RETREEEEATING.
  9622 | Lair:2   | 9622 ||| RETREEEEATING.
  9623 | Lair:2   | 9623 ||| INVOKING Finesse.
  9682 | Lair:2   | You fall into a shaft and drop 2 floors!
  9682 | Lair:4   | Found a transporter.
  9704 | Lair:3   | Noticed Snorg
  9705 | Lair:3   | 9705 ||| INVOKING Finesse.
  9723 | Lair:3   | Killed Snorg
  9784 | Lair:2   | 9784 ||| RETREEEEATING.
  9785 | Lair:2   | 9785 ||| RETREEEEATING.
  9786 | Lair:2   | 9786 ||| RETREEEEATING.
  9791 | Lair:2   | 9791 ||| RETREEEEATING.
  9792 | Lair:2   | 9792 ||| RETREEEEATING.
  9793 | Lair:2   | 9793 ||| RETREEEEATING.
  9794 | Lair:2   | 9794 ||| RETREEEEATING.
  9807 | Lair:2   | Reached skill level 15 in Ranged Weapons
 10190 | Lair:2   | Found a staircase to the Snake Pit.
 10195 | Lair:2   | 10195 ||| FLEEEEING.
 10209 | Lair:2   | Received a gift from Okawaru
 10210 | Lair:2   | 10210 ||| FLEEEEING.
 10211 | Lair:2   | 10211 ||| FLEEEEING.
 10341 | Lair:2   | 10341 ||| FLEEEEING.
 10969 | Lair:3   | Noticed a four-headed hydra
 10970 | Lair:3   | 10970 ||| INVOKING Finesse.
 10978 | Lair:3   | Killed a four-headed hydra
 11058 | Lair:3   | Reached skill level 16 in Ranged Weapons
 11058 | Lair:3   | Found a staircase to the Shoals.
 11092 | Lair:3   | Identified the +9 falchion "Bacalumn" {drain, *Rage rN+
                  | Str+6}
 11098 | Lair:3   | Reached XP level 13. HP: 82/82 MP: 20/20
 11343 | Lair:3   | 11343 ||| INVOKING Finesse.
 11344 | Lair:3   | 11344 ||| INVOKING Heroism.
 11391 | Lair:3   | Reached skill level 6 in Dodging
 11683 | Lair:3   | 11683 ||| DROPPING ring of resist corrosion.
 11684 | Lair:3   | 11684 ||| DRINKING 2 silvery potions.
 11803 | Lair:4   | 11803 ||| RETREEEEATING.
 11819 | Lair:4   | 11819 ||| RETREEEEATING.
 11821 | Lair:4   | 11821 ||| RETREEEEATING.
 11822 | Lair:4   | 11822 ||| RETREEEEATING.
 11823 | Lair:4   | 11823 ||| RETREEEEATING.
 11824 | Lair:4   | 11824 ||| RETREEEEATING.
 11851 | Lair:4   | 11851 ||| FLEEEEING.
 12113 | Lair:4   | 12113 ||| RETREEEEATING.
 12115 | Lair:4   | 12115 ||| RETREEEEATING.
 12117 | Lair:4   | 12117 ||| RETREEEEATING.
 12119 | Lair:4   | 12119 ||| RETREEEEATING.
 12122 | Lair:4   | 12122 ||| RETREEEEATING.
 12123 | Lair:4   | 12123 ||| STAIRDANCE
 12124 | Lair:4   | 12124 ||| RETREEEEATING.
 12125 | Lair:4   | 12125 ||| RETREEEEATING.
 12126 | Lair:4   | 12126 ||| RETREEEEATING.
 12127 | Lair:4   | 12127 ||| RETREEEEATING.
 12128 | Lair:4   | 12128 ||| RETREEEEATING.
 12129 | Lair:4   | 12129 ||| RETREEEEATING.
 12130 | Lair:4   | 12130 ||| RETREEEEATING.
 12131 | Lair:4   | 12131 ||| RETREEEEATING.
 12132 | Lair:4   | 12132 ||| RETREEEEATING.
 12133 | Lair:4   | 12133 ||| INVOKING Finesse.
 12184 | Lair:4   | 12184 ||| FLEEEEING.
 12207 | Lair:4   | 12207 ||| FLEEEEING.
 12208 | Lair:4   | 12208 ||| FLEEEEING.
 12209 | Lair:4   | 12209 ||| STAIRDANCE
 12303 | Lair:4   | Found a viscous altar of Jiyva.
 12305 | Lair:4   | Found a staircase to the Slime Pits.
 12310 | Lair:4   | Reached skill level 12 in Fighting
 12388 | Lair:4   | Noticed Rupert
 12389 | Lair:4   | 12389 ||| INVOKING Finesse.
 12402 | Lair:4   | 12402 ||| INVOKING Heroism.
 12415 | Lair:4   | Killed Rupert
 12452 | Lair:4   | Found a transporter.
 12583 | Lair:4   | Noticed qw's ghost (journeyman GrHu)
 12663 | Lair:4   | 12663 ||| READING scroll of identify.
 12663 | Lair:4   | 12663 ||| IDENTIFYING green potion
 12664 | Lair:4   | 12664 ||| DRINKING potion of experience.
 12664 | Lair:4   | Gained mutation: Your large and strong wings let you fly.
                  | [Gargoyle growth]
 12664 | Lair:4   | Reached XP level 14. HP: 92/92 MP: 21/21
 12665 | Lair:4   | 12665 ||| DRINKING 3 glowing silvery potions.
 12701 | Lair:5   | Entered Level 5 of the Lair of Beasts
 12788 | Lair:5   | Noticed Urug
 12795 | Lair:5   | 12795 ||| FLEEEEING.
 12796 | Lair:5   | 12796 ||| FLEEEEING.
 12797 | Lair:5   | 12797 ||| FLEEEEING.
 12798 | Lair:5   | 12798 ||| FLEEEEING.
 12799 | Lair:5   | 12799 ||| FLEEEEING.
 12800 | Lair:5   | 12800 ||| FLEEEEING.
 12801 | Lair:5   | 12801 ||| FLEEEEING.
 12802 | Lair:5   | 12802 ||| FLEEEEING.
 12803 | Lair:5   | 12803 ||| FLEEEEING.
 12804 | Lair:5   | 12804 ||| FLEEEEING.
 12805 | Lair:5   | 12805 ||| FLEEEEING.
 12837 | Lair:5   | 12837 ||| READING 5 scrolls of teleportation.
 12838 | Lair:5   | 12838 ||| FLEEEEING.
 12839 | Lair:5   | 12839 ||| FLEEEEING.
 12840 | Lair:5   | 12840 ||| FLEEEEING.
 12841 | Lair:5   | 12841 ||| FLEEEEING to unexplored (badform).
 12842 | Lair:5   | 12842 ||| FLEEEEING to unexplored (badform).
 12843 | Lair:5   | 12843 ||| FLEEEEING to unexplored (badform).
 12844 | Lair:5   | 12844 ||| FLEEEEING to unexplored (badform).
 12845 | Lair:5   | 12845 ||| FLEEEEING to unexplored (badform).
 12846 | Lair:5   | 12846 ||| FLEEEEING to unexplored (badform).
 12847 | Lair:5   | 12847 ||| FLEEEEING to unexplored (badform).
 12848 | Lair:5   | 12848 ||| FLEEEEING to unexplored (badform).
 12849 | Lair:5   | 12849 ||| FLEEEEING to unexplored (badform).
 12850 | Lair:5   | 12850 ||| FLEEEEING to unexplored (badform).
 12851 | Lair:5   | 12851 ||| FLEEEEING to unexplored (badform).
 12852 | Lair:5   | 12852 ||| FLEEEEING to unexplored (badform).
 12853 | Lair:5   | 12853 ||| FLEEEEING to unexplored (badform).
 12854 | Lair:5   | 12854 ||| FLEEEEING to unexplored (badform).
 12855 | Lair:5   | 12855 ||| FLEEEEING to unexplored (badform).
 12856 | Lair:5   | 12856 ||| FLEEEEING to unexplored (badform).
 12857 | Lair:5   | 12857 ||| FLEEEEING to unexplored (badform).
 12858 | Lair:5   | 12858 ||| FLEEEEING to unexplored (badform).
 12859 | Lair:5   | 12859 ||| FLEEEEING to unexplored (badform).
 12860 | Lair:5   | 12860 ||| FLEEEEING to unexplored (badform).
 12861 | Lair:5   | 12861 ||| FLEEEEING to unexplored (badform).
 12862 | Lair:5   | 12862 ||| FLEEEEING to unexplored (badform).
 12863 | Lair:5   | 12863 ||| FLEEEEING to unexplored (badform).
 12864 | Lair:5   | 12864 ||| FLEEEEING to unexplored (badform).
 12870 | Lair:5   | 12870 ||| STAIRDANCE
 12999 | Lair:5   | 12999 ||| RETREEEEATING.
 13000 | Lair:5   | 13000 ||| RETREEEEATING.
 13001 | Lair:5   | 13001 ||| RETREEEEATING.
 13002 | Lair:5   | 13002 ||| RETREEEEATING.
 13003 | Lair:5   | 13003 ||| RETREEEEATING.
 13010 | Lair:5   | 13010 ||| RETREEEEATING.
 13011 | Lair:5   | 13011 ||| RETREEEEATING.
 13089 | Lair:5   | Received a gift from Okawaru
 13097 | Lair:5   | 13097 ||| RETREEEEATING.
 13117 | Lair:5   | 13117 ||| INVOKING Finesse.
 13133 | Lair:5   | Reached skill level 6 in Armour
 13239 | Lair:5   | 13239 ||| RETREEEEATING.
 13240 | Lair:5   | 13240 ||| RETREEEEATING.
 13241 | Lair:5   | 13241 ||| RETREEEEATING.
 13257 | Lair:5   | HP: 22/94 [Urug/+6 eveningstar (8)]
 13258 | Lair:5   | 13258 ||| READING 4 scrolls of teleportation.
 13259 | Lair:5   | 13259 ||| DRINKING 5 potions of heal wounds.
 13264 | Lair:5   | Killed Urug
 13265 | Lair:5   | 13265 ||| FLEEEEING.
 13271 | Lair:5   | 13271 ||| STAIRDANCE
 13628 | Lair:5   | Reached XP level 15. HP: 70/100 MP: 22/22
 13637 | Lair:5   | Reached skill level 9 in Dodging
 13637 | Lair:5   | 13637 ||| FLEEEEING.
 13641 | Lair:5   | 13641 ||| FLEEEEING.
 13664 | Lair:5   | 13664 ||| FLEEEEING.
 13986 | Lair:5   | 13986 ||| FLEEEEING.
 14112 | Lair:5   | Received a gift from Okawaru
 14196 | Lair:5   | 14196 ||| FLEEEEING.
 14356 | Lair:5   | 14356 ||| FLEEEEING.
 14513 | Lair:5   | 14513 ||| PLANNING D:1-11
 14513 | Lair:5   | 14513 ||| DROPPING ring of willpower.
 14514 | Lair:5   | 14514 ||| READING scroll labelled NAHIOLOSIY.
 14515 | Lair:5   | 14515 ||| READING scroll labelled EJEEJUENUC.
 14515 | Lair:5   | 14515 ||| BRANDING +5 orcbow of flaming.
 14634 | D:10     | Entered Level 10 of the Dungeon
 14685 | D:10     | 14685 ||| RETREEEEATING.
 14687 | D:10     | 14687 ||| RETREEEEATING.
 14688 | D:10     | Noticed Maurice
 14689 | D:10     | 14689 ||| RETREEEEATING.
 14691 | D:10     | Reached skill level 15 in Fighting
 14706 | D:10     | Killed Maurice
 14862 | D:10     | You are sucked into a shaft and drop 3 floors!
 14888 | D:13     | Found a gate to the Vaults.
 14889 | D:13     | 14889 ||| RETREEEEATING.
 14890 | D:13     | 14890 ||| INVOKING Finesse.
 14909 | D:13     | 14909 ||| RETREEEEATING.
 15064 | D:13     | Received a gift from Okawaru
 15104 | D:13     | 15104 ||| INVOKING Finesse.
 15426 | D:12     | 15426 ||| INVOKING Finesse.
 15575 | D:12     | 15575 ||| INVOKING Finesse.
 15630 | D:12     | Found a staircase to the Orcish Mines.
 15685 | D:12     | Noticed Psyche
 15686 | D:12     | Killed Psyche
 15700 | D:12     | 15700 ||| DROPPING +2 animal skin.
 15701 | D:12     | 15701 ||| UPGRADING to +0 acid dragon scales.
 16065 | D:10     | Noticed Joseph
 16070 | D:10     | Killed Joseph
 16197 | D:10     | 16197 ||| DROPPING +0 leather armour of willpower.
 16198 | D:10     | 16198 ||| UPGRADING to +6 ring of dexterity.
 16200 | D:10     | 16200 ||| UPGRADING to +5 ring of evasion.
 16202 | D:10     | 16202 ||| DROPPING +4 ring of protection.
 16225 | D:11     | 16225 ||| STAIRDANCE
 16500 | D:11     | 16500 ||| FLEEEEING.
 16501 | D:11     | 16501 ||| FLEEEEING.
 16502 | D:11     | 16502 ||| FLEEEEING.
 16503 | D:11     | 16503 ||| FLEEEEING.
 16504 | D:11     | 16504 ||| FLEEEEING.
 16622 | D:11     | Found an opulent altar of Gozag.
 16634 | D:11     | Noticed Fannar
 16656 | D:11     | 16656 ||| FLEEEEING.
 16667 | D:11     | 16667 ||| FLEEEEING.
 16678 | D:11     | 16678 ||| FLEEEEING.
 16682 | D:11     | Killed Fannar
 16789 | D:11     | 16789 ||| INVOKING Finesse.
 17200 | D:11     | 17200 ||| PLANNING D
 17236 | D:12     | 17236 ||| INVOKING Finesse.
 17240 | D:12     | Received a gift from Okawaru
 17270 | D:12     | Found a runed translucent door.
 17270 | D:12     | Noticed Plazmod's ghost (journeyman DECj)
 17283 | D:12     | Reached skill level 9 in Armour
 17315 | D:12     | 17315 ||| FLEEEEING.
 17448 | D:12     | 17448 ||| RETREEEEATING.
 17450 | D:12     | 17450 ||| RETREEEEATING.
 17453 | D:12     | 17453 ||| RETREEEEATING.
 17454 | D:12     | 17454 ||| RETREEEEATING.
 17455 | D:12     | 17455 ||| RETREEEEATING.
 17456 | D:12     | 17456 ||| RETREEEEATING.
 17472 | D:12     | 17472 ||| FLEEEEING.
 17566 | D:12     | Found a glowing silver altar of Zin.
 17825 | D:12     | 17825 ||| INVOKING Finesse.
 18015 | D:12     | Reached XP level 16. HP: 110/110 MP: 23/23
 18258 | D:12     | 18258 ||| DROPPING +1 robe of cold resistance.
 18259 | D:12     | 18259 ||| UPGRADING to +0 troll leather armour.
 18269 | D:12     | 18269 ||| DROPPING +0 acid dragon scales.
 18270 | D:12     | 18270 ||| DROPPING +2 leather armour of poison resistance.
 18271 | D:12     | 18271 ||| READING scroll of identify.
 18271 | D:12     | 18271 ||| IDENTIFYING 2 metallic golden potions
 18272 | D:12     | 18272 ||| DROPPING 2 potions of berserk rage.
 18308 | D:13     | 18308 ||| RETREEEEATING.
 18309 | D:13     | 18309 ||| RETREEEEATING.
 18310 | D:13     | 18310 ||| RETREEEEATING.
 18397 | D:13     | 18397 ||| INVOKING Finesse.
 18454 | D:13     | 18454 ||| FLEEEEING.
 18789 | D:14     | 18789 ||| RETREEEEATING.
 18790 | D:14     | 18790 ||| RETREEEEATING.
 18791 | D:14     | 18791 ||| INVOKING Finesse.
 18792 | D:14     | 18792 ||| INVOKING Heroism.
 18805 | D:14     | Received a gift from Okawaru
 18975 | D:14     | 18975 ||| RETREEEEATING.
 18979 | D:14     | 18979 ||| RETREEEEATING.
 18980 | D:14     | 18980 ||| INVOKING Finesse.
 19035 | D:14     | Reached skill level 12 in Dodging
 19180 | D:14     | 19180 ||| INVOKING Finesse.
 19249 | D:14     | 19249 ||| FLEEEEING.
 19250 | D:14     | 19250 ||| FLEEEEING.
 19251 | D:14     | 19251 ||| FLEEEEING.
 19252 | D:14     | 19252 ||| STAIRDANCE
 19361 | D:13     | 19361 ||| UPGRADING to +0 helmet.
 19366 | D:13     | 19366 ||| READING scroll labelled MUSOLA DESTRIJ.
 19366 | D:13     | 19366 ||| ENCHANTING +0 helmet.
 19367 | D:13     | 19367 ||| READING scroll labelled KIRCHE ARGHUGG.
 19367 | D:13     | 19367 ||| ENCHANTING +5 orcbow of chaos.
 19368 | D:13     | 19368 ||| READING scroll labelled ISADIN DAEHY.
 19369 | D:13     | 19369 ||| FLEEEEING.
 19508 | D:14     | 19508 ||| FLEEEEING.
 19514 | D:14     | 19514 ||| INVOKING Finesse.
 19579 | D:15     | Entered Level 15 of the Dungeon
 19629 | Abyss:3  | Cast into level 3 of the Abyss (an occultist)
 19724 | Abyss:3  | 19724 ||| RETREEEEATING.
 19725 | Abyss:3  | 19725 ||| RETREEEEATING.
 19726 | Abyss:3  | 19726 ||| RETREEEEATING.
 19729 | Abyss:3  | 19729 ||| INVOKING Finesse.
 19930 | Abyss:3  | 19930 ||| INVOKING Finesse.
 19931 | Abyss:3  | 19931 ||| INVOKING Heroism.
 19932 | Abyss:3  | 19932 ||| ZAPPING wand of light (16) at 3,3 (hell hog;
                  | floor).
 19933 | Abyss:3  | 19933 ||| RETREEEEATING.
 20010 | Abyss:3  | 20010 ||| RETREEEEATING.
 20011 | Abyss:3  | 20011 ||| RETREEEEATING.
 20012 | Abyss:3  | 20012 ||| INVOKING Finesse.
 20031 | D:15     | Escaped the Abyss
 20040 | D:15     | Reached skill level 18 in Fighting
 20046 | D:15     | 20046 ||| FLEEEEING.
 20129 | D:15     | Found a stormy altar of Qazlal.
 20136 | D:15     | 20136 ||| INVOKING Finesse.
 20174 | D:15     | Identified the +1 robe of the Impish God {Fly Int+4 Stlth+}
 20231 | D:15     | 20231 ||| INVOKING Finesse.
 20291 | D:15     | 20291 ||| ZAPPING wand of light (15) at -5,1 (hell knight;
                  | floor).
 20292 | D:15     | 20292 ||| INVOKING Finesse.
 20322 | D:15     | 20322 ||| RETREEEEATING.
 20332 | D:15     | Reached XP level 17. HP: 119/119 MP: 20/24
 20337 | D:15     | 20337 ||| RETREEEEATING.
 20338 | D:15     | 20338 ||| RETREEEEATING.
 20339 | D:15     | 20339 ||| RETREEEEATING.
 20340 | D:15     | 20340 ||| RETREEEEATING.
 20377 | D:15     | 20377 ||| INVOKING Heroism.
 20425 | D:15     | 20425 ||| INVOKING Finesse.
 20479 | D:15     | 20479 ||| INVOKING Finesse.
 20525 | D:15     | Found a staircase to the Depths.
 20569 | D:15     | 20569 ||| INVOKING Finesse.
 20604 | D:15     | Found a broken altar of Ashenzari.
 20624 | D:15     | Identified the +3 chain mail of Yssip {+Inv Fly Will-
                  | Dex+3}
 20695 | D:15     | 20695 ||| READING scroll of enchant armour.
 20695 | D:15     | 20695 ||| ENCHANTING +1 helmet.
 20867 | D:15     | 20867 ||| PLANNING ORC
 20867 | D:15     | 20867 ||| DROPPING +1 robe of the Impish God {Fly Int+4
                  | Stlth+}.
 20946 | Orc:1    | Entered Level 1 of the Orcish Mines
 21092 | Orc:2    | Entered Level 2 of the Orcish Mines
 21141 | Orc:1    | Found a runed translucent door.
 21196 | Orc:1    | 21196 ||| INVOKING Finesse.
 21246 | Orc:1    | Found a runed translucent door.
 21276 | Orc:1    | Found the +10 tower shield of Ignorance {rN+ Int-4}
 21638 | Orc:2    | Found a staircase to the Elven Halls.
 21660 | Orc:2    | 21660 ||| RETREEEEATING.
 21664 | Orc:2    | 21664 ||| RETREEEEATING.
 21665 | Orc:2    | 21665 ||| RETREEEEATING.
 21666 | Orc:2    | 21666 ||| RETREEEEATING.
 21667 | Orc:2    | 21667 ||| RETREEEEATING.
 21668 | Orc:2    | 21668 ||| RETREEEEATING.
 21671 | Orc:2    | 21671 ||| FLEEEEING.
 21672 | Orc:2    | 21672 ||| FLEEEEING.
 21673 | Orc:2    | 21673 ||| FLEEEEING.
 21674 | Orc:2    | 21674 ||| FLEEEEING.
 21675 | Orc:2    | 21675 ||| FLEEEEING.
 21676 | Orc:2    | 21676 ||| FLEEEEING.
 21677 | Orc:2    | 21677 ||| RETREEEEATING.
 21678 | Orc:2    | 21678 ||| RETREEEEATING.
 21679 | Orc:2    | 21679 ||| RETREEEEATING.
 21688 | Orc:2    | 21688 ||| FLEEEEING.
 21689 | Orc:2    | 21689 ||| STAIRDANCE
 21867 | Orc:2    | Found Toireolet's General Store.
 21871 | Orc:2    | 21871 ||| FLEEEEING.
 21872 | Orc:2    | 21872 ||| FLEEEEING.
 21890 | Orc:2    | Found Kaosiel's Distillery.
 21909 | Orc:2    | 21909 ||| BUYING wand of digging (5) (231 gold).
 21909 | Orc:2    | Bought a wand of digging (5) for 231 gold pieces
 21911 | Orc:2    | 21911 ||| BUYING 2 potions of magic (288 gold).
 21911 | Orc:2    | Bought 2 potions of magic for 288 gold pieces
 21911 | Orc:2    | 21911 ||| BUYING potion of curing (54 gold).
 21911 | Orc:2    | Bought a potion of curing for 54 gold pieces
 21911 | Orc:2    | 21911 ||| BUYING potion of haste (180 gold).
 21911 | Orc:2    | Bought a potion of haste for 180 gold pieces
 21911 | Orc:2    | 21911 ||| BUYING potion of heal wounds (90 gold).
 21911 | Orc:2    | Bought a potion of heal wounds for 90 gold pieces
 21911 | Orc:2    | 21911 ||| BUYING potion of heal wounds (90 gold).
 21911 | Orc:2    | Bought a potion of heal wounds for 90 gold pieces
 22162 | Orc:2    | Paralysed by an orc sorcerer for 4 turns
 22171 | Orc:2    | 22171 ||| RETREEEEATING.
 22173 | Orc:2    | 22173 ||| ZAPPING wand of light (14) at -2,-2 (orc
                  | sorcerer; floor).
 22180 | Orc:2    | 22180 ||| INVOKING Finesse.
 22218 | Orc:2    | 22218 ||| INVOKING Finesse.
 22290 | Orc:2    | 22290 ||| INVOKING Finesse.
 22343 | Orc:2    | 22343 ||| DROPPING +0 leather armour of fire resistance.
 22357 | Orc:2    | 22357 ||| FLEEEEING.
 22505 | Orc:2    | Found Wytov's Jewellery Shoppe.
 22505 | Orc:2    | Found Tofroele's Antique Armour Emporium.
 22506 | Orc:2    | Found a one-way gate leading to the halls of Pandemonium.
 22508 | Orc:2    | 22508 ||| BUYING +6 ring of dexterity (540 gold).
 22508 | Orc:2    | Bought a +6 ring of dexterity for 540 gold pieces
 22508 | Orc:2    | 22508 ||| BUYING amulet of faith (600 gold).
 22508 | Orc:2    | Bought an amulet of faith for 600 gold pieces
 22614 | Orc:2    | 22614 ||| PLANNING SHOALS:1-3
 22614 | Orc:2    | 22614 ||| UPGRADING to amulet of faith.
 22624 | Orc:2    | 22624 ||| UPGRADING to +6 ring of dexterity.
 22626 | Orc:2    | 22626 ||| DROPPING ring of protection from fire.
 22627 | Orc:2    | 22627 ||| DROPPING +5 ring of evasion.
 22810 | Shoals:1 | Entered Level 1 of the Shoals
 22814 | Shoals:1 | 22814 ||| STAIRDANCE
 22816 | Lair:3   | 22816 ||| FLEEEEING.
 22839 | Shoals:1 | 22839 ||| INVOKING Finesse.
 22968 | Shoals:1 | 22968 ||| DROPPING +6 ring of intelligence.
 22969 | Shoals:1 | 22969 ||| DROPPING +4 ring of slaying {mikee}.
 22972 | Shoals:1 | 22972 ||| FLEEEEING.
 22983 | Shoals:1 | 22983 ||| FLEEEEING.
 22986 | Shoals:1 | HP: 24/122 [manticore (19)]
 22989 | Shoals:1 | HP: 4/122 [manticore (24)]
 22992 | Shoals:1 | 22992 ||| READING 5 scrolls of teleportation.
 22993 | Shoals:1 | 22993 ||| DRINKING 8 potions of heal wounds.
 22994 | Shoals:1 | HP: 30/122 [manticore (13)]
 22995 | Shoals:1 | 22995 ||| DRINKING 7 potions of heal wounds.
 23295 | Shoals:1 | Found Xutwaixu's Antique Weapon Shoppe.
 23304 | Shoals:1 | 23304 ||| BUYING runed orcbow (240 gold).
 23304 | Shoals:1 | Bought a runed orcbow for 240 gold pieces
 23304 | Shoals:1 | 23304 ||| DROPPING +2 orcbow of freezing.
 23568 | Shoals:1 | 23568 ||| READING scroll of identify.
 23568 | Shoals:1 | 23568 ||| IDENTIFYING murky puce potion
 23569 | Shoals:1 | 23569 ||| DROPPING potion of invisibility.
 23656 | Shoals:2 | 23656 ||| INVOKING Finesse.
 23888 | Shoals:2 | 23888 ||| FLEEEEING.
 23889 | Shoals:2 | 23889 ||| FLEEEEING.
 23890 | Shoals:2 | 23890 ||| FLEEEEING.
 23891 | Shoals:2 | 23891 ||| FLEEEEING.
 23898 | Shoals:2 | 23898 ||| STAIRDANCE
 23941 | Shoals:2 | 23941 ||| FLEEEEING.
 23942 | Shoals:2 | 23942 ||| FLEEEEING.
 23943 | Shoals:2 | 23943 ||| FLEEEEING.
 23944 | Shoals:2 | 23944 ||| FLEEEEING.
 23945 | Shoals:2 | 23945 ||| FLEEEEING.
 23946 | Shoals:2 | 23946 ||| FLEEEEING.
 23947 | Shoals:2 | 23947 ||| FLEEEEING.
 23948 | Shoals:2 | 23948 ||| FLEEEEING.
 23956 | Shoals:2 | 23956 ||| STAIRDANCE
 24003 | Shoals:2 | 24003 ||| INVOKING Finesse.
 24052 | Shoals:2 | 24052 ||| SWAPPING to +0 longbow.
 24053 | Shoals:2 | 24053 ||| DROPPING +6 orcbow of chaos.
 24087 | Shoals:2 | 24087 ||| Stepping ~*~*~tactically~*~*~ (cloud).
 24094 | Shoals:2 | 24094 ||| DRINKING 13 potions of curing.
 24094 | Shoals:2 | 24094 ||| (to cure confusion)
 24095 | Shoals:2 | 24095 ||| INVOKING Finesse.
 24121 | Shoals:2 | Found a runed translucent door.
 24187 | Shoals:2 | Found a runed translucent door.
 24188 | Shoals:2 | Noticed royokou's ghost (adept GrEE)
 24610 | Shoals:3 | 24610 ||| FLEEEEING.
 25341 | Shoals:3 | 25341 ||| PLANNING SNAKE:1-3
 25490 | Snake:1  | Entered Level 1 of the Snake Pit
 25514 | Snake:1  | Noticed qw's ghost (adept GrHu)
 25515 | Snake:1  | Found a bloodstained altar of Trog.
 25521 | Snake:1  | Found a transporter.
 25525 | Snake:1  | Found a transporter.
 25801 | Snake:1  | Reached skill level 17 in Ranged Weapons
 25988 | Snake:1  | You are sucked into a shaft and drop 1 floor!
 26017 | Snake:2  | 26017 ||| DROPPING ring of protection from cold.
 26243 | Snake:2  | Reached XP level 18. HP: 128/128 MP: 25/25
 26251 | Snake:2  | 26251 ||| RETREEEEATING.
 26252 | Snake:2  | 26252 ||| ZAPPING wand of light (13) at 0,2 (salamander;
                  | floor).
 26253 | Snake:2  | 26253 ||| ZAPPING wand of light (12) at 0,2 (naga warrior;
                  | floor).
 26254 | Snake:2  | 26254 ||| ZAPPING wand of light (11) at 0,2 (naga warrior;
                  | floor).
 26255 | Snake:2  | 26255 ||| INVOKING Finesse.
 26276 | Snake:2  | Received a gift from Okawaru
 26335 | Snake:2  | 26335 ||| FLEEEEING.
 26397 | Snake:2  | 26397 ||| FLEEEEING.
 26496 | Snake:2  | 26496 ||| INVOKING Finesse.
 26638 | Snake:2  | 26638 ||| FLEEEEING.
 26639 | Snake:2  | 26639 ||| FLEEEEING.
 26646 | Snake:2  | 26646 ||| FLEEEEING.
 26647 | Snake:2  | 26647 ||| FLEEEEING.
 26650 | Snake:2  | 26650 ||| FLEEEEING.
 26651 | Snake:2  | 26651 ||| FLEEEEING.
 26652 | Snake:2  | 26652 ||| FLEEEEING.
 26660 | Snake:2  | 26660 ||| FLEEEEING.
 26764 | Snake:2  | 26764 ||| READING scroll of acquirement.
 26764 | Snake:2  | 26764 ||| ACQUIRING +4 hand cannon of the Skies Above
                  | {freeze, rN++ Int-4 Stlth+}
 26764 | Snake:2  | Acquired the +4 hand cannon of the Skies Above {freeze,
                  | rN++ Int-4 Stlth+}
 26766 | Snake:2  | 26766 ||| SWAPPING to +4 hand cannon of the Skies Above
                  | {freeze, rN++ Int-4 Stlth+}.
 26767 | Snake:2  | 26767 ||| DROPPING +0 longbow.
 26826 | Snake:2  | Identified the serpent talisman "Geelycku" {Will+ Str+4}
 26826 | Snake:2  | Noticed Aizul
 26837 | Snake:2  | Killed Aizul
 26838 | Snake:2  | Reached skill level 18 in Ranged Weapons
 26963 | Snake:2  | 26963 ||| READING scroll of acquirement.
 26963 | Snake:2  | 26963 ||| ACQUIRING 557 gold pieces
 26963 | Snake:2  | Acquired 557 gold pieces
 27078 | Snake:3  | 27078 ||| STAIRDANCE
 27082 | Snake:3  | 27082 ||| INVOKING Finesse.
 27084 | Snake:3  | 27084 ||| STAIRDANCE
 27112 | Snake:3  | 27112 ||| STAIRDANCE
 27134 | Snake:3  | 27134 ||| STAIRDANCE
 27148 | Snake:3  | 27148 ||| STAIRDANCE
 27150 | Snake:2  | 27150 ||| FLEEEEING.
 27193 | Snake:3  | 27193 ||| STAIRDANCE
 27195 | Snake:2  | 27195 ||| FLEEEEING.
 27219 | Snake:3  | 27219 ||| STAIRDANCE
 27250 | Snake:3  | 27250 ||| STAIRDANCE
 27252 | Snake:2  | 27252 ||| FLEEEEING.
 27488 | Snake:3  | 27488 ||| FLEEEEING.
 27493 | Snake:3  | 27493 ||| FLEEEEING.
 27494 | Snake:3  | 27494 ||| FLEEEEING.
 27495 | Snake:3  | 27495 ||| FLEEEEING.
 28156 | Snake:3  | 28156 ||| PLANNING SHOALS:4
 28351 | Shoals:4 | Entered Level 4 of the Shoals
 28364 | Shoals:4 | 28364 ||| INVOKING Finesse.
 28375 | Shoals:4 | Received a gift from Okawaru
 28408 | Shoals:4 | Found a glacial archway.
 28421 | Shoals:4 | Identified the +0 pair of gloves of the Wumpus {rF+ Will-
                  | Dex+4}
 28504 | Shoals:4 | Reached skill level 19 in Ranged Weapons
 28631 | Shoals:4 | 28631 ||| FLEEEEING.
 28742 | Shoals:4 | 28742 ||| FLEEEEING.
 28743 | Shoals:4 | 28743 ||| FLEEEEING.
 28744 | Shoals:4 | 28744 ||| FLEEEEING.
 28745 | Shoals:4 | 28745 ||| FLEEEEING.
 28746 | Shoals:4 | 28746 ||| FLEEEEING.
 28767 | Shoals:4 | Received a gift from Okawaru
 29037 | Shoals:4 | 29037 ||| INVOKING Finesse.
 29044 | Shoals:4 | 29044 ||| RETREEEEATING.
 29048 | Shoals:4 | 29048 ||| RETREEEEATING.
 29049 | Shoals:4 | 29049 ||| RETREEEEATING.
 29050 | Shoals:4 | 29050 ||| RETREEEEATING.
 29051 | Shoals:4 | 29051 ||| RETREEEEATING.
 29052 | Shoals:4 | 29052 ||| RETREEEEATING.
 29053 | Shoals:4 | 29053 ||| RETREEEEATING.
 29079 | Shoals:4 | 29079 ||| FLEEEEING.
 29087 | Shoals:4 | Reached skill level 20 in Ranged Weapons
 29169 | Shoals:4 | Got a barnacled rune of Zot
 29291 | Shoals:4 | Found Xasetaa's Armour Emporium.
 29299 | Shoals:4 | 29299 ||| PLANNING VAULTS:1-4
 29299 | Shoals:4 | 29299 ||| UPGRADING to +0 pair of gloves of the Wumpus {rF+
                  | Will- Dex+4}.
 29309 | Shoals:4 | 29309 ||| DROPPING +0 pair of fencer's gloves {Riposte
                  | Dex+3}.
 29565 | Vaults:1 | Entered Level 1 of the Vaults
 29581 | Vaults:1 | 29581 ||| RETREEEEATING.
 29602 | Vaults:1 | HP: 32/128 [yaktaur captain/bolt (24)]
 29603 | Vaults:1 | 29603 ||| READING 7 scrolls of teleportation.
 29604 | Vaults:1 | HP: 6/128 [yaktaur captain/bolt (29)]
 29605 | Vaults:1 | 29605 ||| DRINKING 7 potions of heal wounds.
 29606 | Vaults:1 | 29606 ||| DRINKING 6 potions of heal wounds.
 29607 | Vaults:1 | 29607 ||| READING 6 scrolls of teleportation.
 29608 | Vaults:1 | 29608 ||| DRINKING 5 potions of heal wounds.
 29611 | Vaults:1 | Noticed Zenata
 29612 | Vaults:1 | 29612 ||| RETREEEEATING.
 29612 | Vaults:1 | HP: 30/128 [centaur warrior (10)]
 29613 | Vaults:1 | 29613 ||| READING 5 scrolls of teleportation.
 29613 | Vaults:1 | HP: 11/128 [centaur warrior (6)]
 29614 | Vaults:1 | 29614 ||| DRINKING 4 potions of heal wounds.
 29615 | Vaults:1 | 29615 ||| DRINKING 3 potions of heal wounds.
 29616 | Vaults:1 | 29616 ||| RETREEEEATING.
 29617 | Vaults:1 | 29617 ||| RETREEEEATING.
 29632 | Vaults:1 | Received a gift from Okawaru
 29733 | Vaults:1 | 29733 ||| RETREEEEATING.
 29736 | Vaults:1 | 29736 ||| RETREEEEATING.
 29737 | Vaults:1 | 29737 ||| RETREEEEATING.
 29738 | Vaults:1 | 29738 ||| RETREEEEATING.
 29739 | Vaults:1 | 29739 ||| RETREEEEATING.
 29740 | Vaults:1 | 29740 ||| RETREEEEATING.
 29741 | Vaults:1 | 29741 ||| INVOKING Finesse.
 29768 | Vaults:1 | 29768 ||| INVOKING Heroism.
 29797 | Vaults:1 | 29797 ||| INVOKING Finesse.
 29820 | Vaults:1 | HP: 27/128 [disintegration[a boggart] (50)]
 29821 | Vaults:1 | 29821 ||| READING 5 scrolls of teleportation.
 29822 | Vaults:1 | 29822 ||| DRINKING 12 potions of curing.
 29822 | Vaults:1 | 29822 ||| (to cure confusion)
 29909 | Vaults:1 | 29909 ||| INVOKING Finesse.
 29956 | Vaults:1 | Reached XP level 19. HP: 132/132 MP: 26/26
 30021 | Vaults:1 | 30021 ||| RETREEEEATING.
 30022 | Vaults:1 | 30022 ||| INVOKING Finesse.
 30106 | Vaults:1 | 30106 ||| RETREEEEATING.
 30107 | Vaults:1 | 30107 ||| RETREEEEATING.
 30108 | Vaults:1 | 30108 ||| RETREEEEATING.
 30109 | Vaults:1 | 30109 ||| RETREEEEATING.
 30114 | Vaults:1 | 30114 ||| INVOKING Finesse.
 30186 | Vaults:1 | Reached skill level 21 in Ranged Weapons
 30190 | Vaults:1 | 30190 ||| FLEEEEING.
 30198 | Vaults:1 | 30198 ||| ZAPPING wand of light (15) at 2,5 (Zenata;
                  | floor).
 30199 | Vaults:1 | 30199 ||| RETREEEEATING.
 30200 | Vaults:1 | 30200 ||| INVOKING Finesse.
 30205 | Vaults:1 | 30205 ||| INVOKING Heroism.
 30227 | Vaults:1 | HP: 33/132 [+2 glaive of flaming[Zenata] (2)]
 30228 | Vaults:1 | 30228 ||| READING 4 scrolls of teleportation.
 30228 | Vaults:1 | HP: 15/132 [dire elephant (19)]
 30229 | Vaults:1 | 30229 ||| DRINKING 2 potions of heal wounds.
 30230 | Vaults:1 | 30230 ||| RETREEEEATING.
 30303 | Vaults:1 | 30303 ||| INVOKING Finesse.
 30410 | Vaults:1 | 30410 ||| INVOKING Finesse.
 30420 | Vaults:1 | Killed Zenata
 30747 | Vaults:1 | 30747 ||| INVOKING Finesse.
 30868 | Vaults:1 | 30868 ||| FLEEEEING.
 30901 | Vaults:1 | 30901 ||| RETREEEEATING.
 30902 | Vaults:1 | 30902 ||| RETREEEEATING.
 30906 | Vaults:1 | 30906 ||| RETREEEEATING.
 30907 | Vaults:1 | 30907 ||| RETREEEEATING.
 30908 | Vaults:1 | 30908 ||| RETREEEEATING.
 30909 | Vaults:1 | 30909 ||| RETREEEEATING.
 30910 | Vaults:1 | 30910 ||| RETREEEEATING.
 30911 | Vaults:1 | 30911 ||| RETREEEEATING.
 30912 | Vaults:1 | 30912 ||| RETREEEEATING.
 30913 | Vaults:1 | 30913 ||| ZAPPING wand of light (14) at -3,2 (deep troll;
                  | floor).
 30914 | Vaults:1 | 30914 ||| RETREEEEATING.
 30915 | Vaults:1 | 30915 ||| ZAPPING wand of light (13) at -3,1 (deep troll;
                  | floor).
 30916 | Vaults:1 | 30916 ||| RETREEEEATING.
 30917 | Vaults:1 | 30917 ||| RETREEEEATING.
 30918 | Vaults:1 | 30918 ||| RETREEEEATING.
 30919 | Vaults:1 | 30919 ||| RETREEEEATING.
 30920 | Vaults:1 | 30920 ||| RETREEEEATING.
 30921 | Vaults:1 | 30921 ||| RETREEEEATING.
 30922 | Vaults:1 | 30922 ||| RETREEEEATING.
 30923 | Vaults:1 | 30923 ||| RETREEEEATING.
 30924 | Vaults:1 | 30924 ||| RETREEEEATING.
 30925 | Vaults:1 | 30925 ||| RETREEEEATING.
 30927 | Vaults:1 | 30927 ||| RETREEEEATING.
 30928 | Vaults:1 | 30928 ||| ZAPPING wand of light (12) at -3,-2 (deep troll;
                  | floor).
 30929 | Vaults:1 | 30929 ||| RETREEEEATING.
 30930 | Vaults:1 | 30930 ||| RETREEEEATING.
 30931 | Vaults:1 | 30931 ||| RETREEEEATING.
 30932 | Vaults:1 | 30932 ||| RETREEEEATING.
 30933 | Vaults:1 | 30933 ||| RETREEEEATING.
 30934 | Vaults:1 | 30934 ||| RETREEEEATING.
 30935 | Vaults:1 | 30935 ||| RETREEEEATING.
 30936 | Vaults:1 | 30936 ||| RETREEEEATING.
 30937 | Vaults:1 | 30937 ||| INVOKING Finesse.
 30974 | Vaults:1 | Reached skill level 22 in Ranged Weapons
 31513 | Vaults:2 | 31513 ||| FLEEEEING.
 31514 | Vaults:2 | 31514 ||| FLEEEEING.
 31516 | Vaults:2 | 31516 ||| FLEEEEING.
 31517 | Vaults:2 | 31517 ||| FLEEEEING.
 31518 | Vaults:2 | 31518 ||| FLEEEEING.
 31519 | Vaults:2 | 31519 ||| FLEEEEING.
 31525 | Vaults:2 | 31525 ||| INVOKING Finesse.
 31661 | Vaults:2 | 31661 ||| FLEEEEING.
 31959 | Vaults:2 | 31959 ||| DRINKING 12 potions of curing.
 31959 | Vaults:2 | 31959 ||| (to cure confusion)
 31968 | Vaults:2 | 31968 ||| RETREEEEATING.
 31975 | Vaults:2 | 31975 ||| RETREEEEATING.
 31979 | Vaults:2 | 31979 ||| RETREEEEATING.
 31980 | Vaults:2 | 31980 ||| INVOKING Finesse.
 31990 | Vaults:2 | 31990 ||| FLEEEEING.
 32099 | Vaults:2 | Received a gift from Okawaru
 32100 | Vaults:2 | 32100 ||| FLEEEEING.
 32165 | Vaults:2 | 32165 ||| READING scroll of enchant armour.
 32165 | Vaults:2 | 32165 ||| ENCHANTING +0 pair of boots.
 32578 | Vaults:2 | 32578 ||| FLEEEEING.
 32622 | Vaults:2 | Found a staircase to the Crypt.
 32657 | Vaults:2 | 32657 ||| FLEEEEING.
 32887 | Vaults:3 | Reached skill level 23 in Ranged Weapons
 32894 | Vaults:3 | Reached XP level 20. HP: 139/139 MP: 27/27
 33007 | Vaults:3 | Found Suoletah's Book Emporium.
 33028 | Vaults:3 | 33028 ||| FLEEEEING.
 33029 | Vaults:3 | 33029 ||| FLEEEEING.
 33030 | Vaults:3 | 33030 ||| FLEEEEING.
 33033 | Vaults:3 | 33033 ||| FLEEEEING.
 33171 | Vaults:3 | 33171 ||| DRINKING 11 potions of curing.
 33171 | Vaults:3 | 33171 ||| (to cure confusion)
 33242 | Vaults:3 | 33242 ||| INVOKING Finesse.
 33303 | Vaults:3 | Noticed Sojobo
 33304 | Vaults:3 | 33304 ||| INVOKING Finesse.
 33324 | Vaults:3 | Paralysed by an air elemental for 1 turns
 33340 | Vaults:3 | 33340 ||| INVOKING Finesse.
 33344 | Vaults:3 | HP: 30/139 [lindwurm (12)]
 33345 | Vaults:3 | 33345 ||| READING 5 scrolls of teleportation.
 33345 | Vaults:3 | HP: 9/139 [Sojobo/+2 triple sword of electrocution (15)]
 33346 | Vaults:3 | 33346 ||| DRINKING potion of heal wounds.
 33350 | Vaults:3 | HP: 17/139 [tengu reaver/bolt of fire[Sojobo] (19)]
 33351 | Vaults:3 | 33351 ||| READING 4 scrolls of teleportation.
 33377 | Vaults:3 | 33377 ||| FLEEEEING.
 33512 | Vaults:3 | 33512 ||| FLEEEEING.
 33550 | Vaults:3 | 33550 ||| FLEEEEING.
 33563 | Vaults:3 | 33563 ||| FLEEEEING.
 33564 | Vaults:3 | 33564 ||| FLEEEEING.
 33565 | Vaults:3 | 33565 ||| FLEEEEING.
 33566 | Vaults:3 | 33566 ||| FLEEEEING.
 33567 | Vaults:3 | 33567 ||| FLEEEEING.
 33568 | Vaults:3 | 33568 ||| FLEEEEING.
 33569 | Vaults:3 | 33569 ||| FLEEEEING.
 33570 | Vaults:3 | 33570 ||| FLEEEEING.
 33571 | Vaults:3 | 33571 ||| FLEEEEING.
 33572 | Vaults:3 | 33572 ||| FLEEEEING.
 33573 | Vaults:3 | 33573 ||| FLEEEEING.
 33574 | Vaults:3 | 33574 ||| FLEEEEING.
 33575 | Vaults:3 | 33575 ||| FLEEEEING.
 33576 | Vaults:3 | 33576 ||| FLEEEEING.
 33577 | Vaults:3 | 33577 ||| FLEEEEING.
 33578 | Vaults:3 | 33578 ||| FLEEEEING.
 33579 | Vaults:3 | 33579 ||| FLEEEEING.
 33580 | Vaults:3 | 33580 ||| FLEEEEING.
 33581 | Vaults:3 | 33581 ||| FLEEEEING.
 33582 | Vaults:3 | 33582 ||| FLEEEEING.
 33583 | Vaults:3 | 33583 ||| FLEEEEING.
 33584 | Vaults:3 | 33584 ||| FLEEEEING.
 33585 | Vaults:3 | 33585 ||| FLEEEEING.
 33586 | Vaults:3 | 33586 ||| FLEEEEING.
 33587 | Vaults:3 | 33587 ||| FLEEEEING.
 33589 | Vaults:3 | 33589 ||| FLEEEEING.
 33590 | Vaults:3 | 33590 ||| FLEEEEING.
 33591 | Vaults:3 | 33591 ||| FLEEEEING.
 33592 | Vaults:3 | 33592 ||| FLEEEEING.
 33593 | Vaults:3 | 33593 ||| FLEEEEING.
 33594 | Vaults:3 | 33594 ||| FLEEEEING.
 33595 | Vaults:3 | 33595 ||| FLEEEEING.
 33596 | Vaults:3 | 33596 ||| FLEEEEING.
 33597 | Vaults:3 | 33597 ||| FLEEEEING.
 33598 | Vaults:3 | 33598 ||| FLEEEEING.
 33599 | Vaults:3 | 33599 ||| FLEEEEING.
 33600 | Vaults:3 | 33600 ||| FLEEEEING.
 33601 | Vaults:3 | 33601 ||| FLEEEEING.
 33602 | Vaults:3 | 33602 ||| FLEEEEING.
 33603 | Vaults:3 | 33603 ||| FLEEEEING.
 33604 | Vaults:3 | 33604 ||| FLEEEEING.
 33605 | Vaults:3 | 33605 ||| STAIRDANCE
 33615 | Vaults:3 | 33615 ||| STAIRDANCE
 33627 | Vaults:3 | 33627 ||| STAIRDANCE
 33643 | Vaults:3 | 33643 ||| STAIRDANCE
 33651 | Vaults:3 | 33651 ||| STAIRDANCE
 33663 | Vaults:3 | 33663 ||| STAIRDANCE
 33674 | Vaults:3 | 33674 ||| STAIRDANCE
 33698 | Vaults:3 | 33698 ||| STAIRDANCE
 33709 | Vaults:3 | 33709 ||| STAIRDANCE
 33718 | Vaults:3 | 33718 ||| STAIRDANCE
 33723 | Vaults:2 | 33723 ||| FLEEEEING.
 33766 | Vaults:3 | 33766 ||| STAIRDANCE
 33768 | Vaults:2 | 33768 ||| FLEEEEING.
 33788 | Vaults:3 | 33788 ||| STAIRDANCE
 33802 | Vaults:3 | 33802 ||| STAIRDANCE
 33808 | Vaults:3 | 33808 ||| INVOKING Finesse.
 33811 | Vaults:3 | 33811 ||| STAIRDANCE
 34095 | Vaults:3 | 34095 ||| RETREEEEATING.
 34096 | Vaults:3 | 34096 ||| INVOKING Finesse.
 34101 | Vaults:3 | Received a gift from Okawaru
 34102 | Vaults:3 | Reached skill level 24 in Ranged Weapons
 34107 | Vaults:3 | 34107 ||| RETREEEEATING.
 34110 | Vaults:3 | 34110 ||| RETREEEEATING.
 34114 | Vaults:3 | 34114 ||| RETREEEEATING.
 34128 | Vaults:3 | HP: 32/139 [vault warden/+2 heavy war axe (29)]
 34129 | Vaults:3 | 34129 ||| READING 3 scrolls of teleportation.
 34136 | Vaults:3 | 34136 ||| FLEEEEING.
 34296 | Vaults:3 | 34296 ||| RETREEEEATING.
 34318 | Vaults:3 | 34318 ||| FLEEEEING.
 34321 | Vaults:3 | 34321 ||| STAIRDANCE
 34371 | Vaults:3 | Found Toes's Armour Boutique.
 34498 | Vaults:3 | 34498 ||| FLEEEEING.
 34503 | Vaults:3 | 34503 ||| INVOKING Finesse.
 34508 | Vaults:3 | 34508 ||| INVOKING Heroism.
 34514 | Vaults:3 | Paralysed by an air elemental for 1 turns
 34523 | Vaults:3 | Paralysed by an air elemental for 1 turns
 34536 | Vaults:3 | Paralysed by an air elemental for 1 turns
 34546 | Vaults:3 | Paralysed by an air elemental for 1 turns
 34546 | Vaults:3 | HP: 22/139 [Sojobo/+2 triple sword of electrocution (13)]
 34547 | Vaults:3 | Collided with a stone wall

Levels and vault maps discovered:
D:1:      minmay_arrival_four_circles, layout_basic, reono_crystal_passage,
          minmay_gold_behind_fungi
D:2:      layout_basic, kennysheep_generic_room_5
D:3:      layout_basic, dreamdust_ecumenical_altar_statues,
          gammafunk_ghost_necromancy, uniq_grinder
D:4:      layout_gridville
D:5:      layout_rooms, minmay_temple_entry_crystal_x, enter_ossuary_5, hex_tiny
D:6:      layout_loops_corners
D:7:      layout_cave_pools, minmay_shop_enchanted_jewellery
D:8:      layout_basic, serial_shops, nicolae_shop_peninsula, enter_bailey_3,
          minmay_misc_feat_chi, serial_library_hellmonk_narrow_alcove,
          roadster_trireme, uniq_grum
D:9:      layout_roguey, nicolae_uskayaw_dance_studio,
          due_lair_maze_entry_diamond, serial_library_hellmonk_junction
D:10:     layout_roguey, chequers_serial_rivers_room_a, nrook_campfire,
          nicolae_phantomly_mirrored, uniq_joseph, uniq_maurice
D:11:     layout_stronghold, grunt_ministairs_8, grunt_gozag_statues,
          uniq_fannar
D:12:     minmay_the_grid_3x3 [minmay_the_grid_x, minmay_the_grid_dragon_b,
          minmay_the_grid_box_x, minmay_the_grid_stretched_grid,
          minmay_the_grid_plusring, minmay_the_grid_rooms,
          minmay_the_grid_diamond_grid, minmay_the_grid_eight,
          minmay_the_grid_prize_inner_circle], layout_stronghold, david_orc_5,
          gammafunk_ghost_grave, chequers_serial_rivers_large_b,
          corexii_leaking_fountain, zin_statuary, uniq_psyche
D:13:     layout_irregular_city, erik_vaults_2, serial_undead, serial_undead_d,
          serial_undead_d, serial_undead_e, serial_undead_e
D:14:     layout_rooms
D:15:     hangedman_depths_entry_civil_slaughter, layout_basic,
          lemuel_tele_altar, serial_library_hellmonk_small_corner,
          cheibrodos_ashenzari_chains
Temple:   mainiacjoe_temple_trianglar_array
Lair:1:   layout_concentric_octagons, basic_altar,
          maelrawn_ghost_gauntlet_escape, cheibrodos_lair_reptile_den
Lair:2:   layout_roguey, nicolae_snake_entry_warm_welcome,
          bh_autumn_forest_stairs, lemuel_fruit_tree, uniq_gastronok
Lair:3:   layout_cave_pods, minmay_shoals_entry_centaurs, worms_lemuel,
          lemuel_fruit_fields, uniq_snorg
Lair:4:   layout_gridlike, minmay_slime_entry_jelly_boxes, nzn_ghost_randoct,
          serial_bayou_pond_d, uniq_rupert
Lair:5:   evilmike_catoblepas_cave, layout_cave_pods,
          chequers_serial_rivers_micro_e, uniq_urug
Shoals:1: layout_shoals, serial_shops, shop
Shoals:2: layout_shoals, ebering_ghost_reflecting_pool,
          nicolae_shoals_abyss_on_the_beach
Shoals:3: layout_shoals, nicolae_shoals_cliffside_cave,
          nicolae_shoals_lost_giant_baths
Shoals:4: shoals_end_grunt_garden, layout_shoals, serial_shops,
          nicolae_shop_hallway_plus, portal_ice_cave_entry_frozen_things
Snake:1:  layout_gridlike, gammafunk_ghost_wrathful_warriors
Snake:2:  layout_misc_corridors, drop_trap, grunt_megastairs_1, uniq_aizul
Snake:3:  layout_layer_cave
Orc:1:    layout_caves, regret_index_minedec_shroomtown_chain,
          chequers_guarded_unrand_ignorance
Orc:2:    pf_orc_diabolical, layout_caves, nicolae_volcano_entry_vermiform,
          special_room, basic_altar, nicolae_orc_crystal_geode
Vaults:1: hangedman_vaults_impose, v_misc_18, nicolae_vaults_double_plus_2,
          nicolae_vaults_storage_closets_2, hangedman_vaults_stagger, v_rooms_4,
          grunt_vaults_hallway_long, ontoclasm_vaults_eye,
          nicolae_vaults_frosty_reception, nicolae_vaults_offset_grid_hallway_2,
          nicolae_vaults_trapezoid_2, vaults_room_hallway,
          nicolae_vaults_tetromino_Z_1, layout_vaults_omnicross, uniq_zenata
Vaults:2: nicolae_vaults_corridor_and_loot_room, nicolae_vaults_little_ls,
          nicolae_vaults_more_shelving_1, nicolae_vaults_circle_grid_b,
          vaults_room_fours, vaults_room_ringed_pool, blue_anna_dwarven_crypt,
          nicolae_vaults_little_squares_2, nicolae_vaults_trapezoid_lopsided_3,
          layout_vaults_chaotic_city
Vaults:3: ebering_ghost_inner_flame, nicolae_vaults_trapezoid_lopsided_4,
          nicolae_vaults_heart-shaped_vault, hangedman_vaults_nodes,
          nicolae_vaults_offset_grid_hallway_1, nicolae_vaults_quartermaster,
          v_misc_5, vaults_mumra_hex, vaults_standard_mumra_x,
          nicolae_vaults_apartment_1, layout_vaults_omnigrid, serial_shops,
          shop_statue, nicolae_book_shop_shelving, uniq_sojobo

Skill      XL: |  1  2  3  4  5  6  7  8  9 10 11 12 13 14 15 16 17 18 19 20 |
---------------+-------------------------------------------------------------+-----
Ranged Weapons | 5 6 7 9 11 12 13 16 17 20 23 24 | 24.0
Fighting       | 3 4 6 7 8 9 10 12 14 15 18 19 | 19.0
Armour         | 4 5 6 10 | 10.1
Dodging        | 2 3 4 5 8 10 12 14 | 14.6
Invocations    | 4 5 9 10 | 10.0
Stealth        | |  1.1

Action                     |  1- 3 |  4- 6 |  7- 9 | 10-12 | 13-15 | 16-18 | 19-21 || total
---------------------------+-------+-------+-------+-------+-------+-------+-------++-------
  Melee: Shortbow          |       |     1 |       |       |       |       |       ||     1
   Fire: Shortbow          |   118 |   157 |   499 |       |       |       |       ||   774
         Orcbow            |       |       |    60 |   583 |  1047 |  1117 |       ||  2807
         Longbow           |       |       |       |       |       |   391 |       ||   391
         Hand cannon       |       |       |       |       |       |   436 |   710 ||  1146
 Invoke: Finesse           |       |       |       |     7 |    11 |    30 |    15 ||    63
         Heroism           |       |       |       |       |     2 |     4 |     2 ||     8
  Evoke: Wand              |       |       |       |     2 |       |     6 |     4 ||    12
    Use: Scroll            |     2 |     8 |     8 |     1 |     5 |    13 |     5 ||    42
         Potion            |       |     1 |     3 |     4 |     4 |     9 |     4 ||    25
 Armour: Leather armour    |    31 |    38 |   238 |    98 |   137 |       |       ||   542
         Ring mail         |       |    23 |       |       |       |       |       ||    23
         Acid dragon scale |       |       |       |       |    45 |     1 |       ||    46
         Troll leather arm |       |       |       |       |       |   404 |   294 ||   698
  Dodge: Dodged            |    46 |    41 |   193 |   182 |   350 |   986 |   610 ||  2408
  Block: Other             |       |       |    12 |    49 |    67 |    57 |       ||   185
         Reflection        |       |       |       |     2 |     7 |     9 |       ||    18

Table legend:
 A = Non-vault XP
 B = Vault XP
 C = Vault XP percentage of total XP
 D = Non-vault monster count
 E = Vault monster count
 F = Vault count percentage of total count
                 A         B        C        D         E       F
            +---------+---------+-------+---------+---------+-------
      Total |  259392 |  161724 |  38.4 |     785 |     390 |  33.2
            +---------+---------+-------+---------+---------+-------
        D:1 |      47 |       0 |   0.0 |      26 |       0 |   0.0
        D:2 |      62 |       5 |   7.5 |      17 |       3 |  15.0
        D:3 |     167 |     272 |  62.0 |      21 |       1 |   4.5
        D:4 |     334 |       0 |   0.0 |      19 |       0 |   0.0
        D:5 |    1096 |       0 |   0.0 |      36 |       0 |   0.0
        D:6 |     855 |       0 |   0.0 |      19 |       0 |   0.0
        D:7 |     942 |     116 |  11.0 |      13 |       1 |   7.1
        D:8 |     667 |    1942 |  74.4 |      19 |      23 |  54.8
        D:9 |    2097 |    1717 |  45.0 |      18 |      16 |  47.1
       D:10 |    1980 |    2874 |  59.2 |      18 |       6 |  25.0
       D:11 |    3570 |    1715 |  32.5 |      26 |       3 |  10.3
       D:12 |    5527 |   11888 |  68.3 |      26 |      47 |  64.4
       D:13 |    3954 |   14329 |  78.4 |      14 |      26 |  65.0
       D:14 |   15182 |       0 |   0.0 |      29 |       0 |   0.0
       D:15 |   19708 |    2898 |  12.8 |      39 |       5 |  11.4
     Lair:1 |    6008 |     361 |   5.7 |      23 |       1 |   4.2
     Lair:2 |    7085 |    2229 |  23.9 |      26 |       5 |  16.1
     Lair:3 |    5825 |    1798 |  23.6 |      21 |       7 |  25.0
     Lair:4 |    8004 |    2361 |  22.8 |      20 |      15 |  42.9
     Lair:5 |   10884 |   10516 |  49.1 |      33 |      23 |  41.1
   Shoals:1 |    4737 |       0 |   0.0 |      12 |       0 |   0.0
   Shoals:2 |    8745 |    1328 |  13.2 |      16 |       3 |  15.8
   Shoals:3 |    8361 |       0 |   0.0 |      16 |       0 |   0.0
   Shoals:4 |   22233 |   15474 |  41.0 |      45 |      28 |  38.4
    Snake:1 |    7116 |       0 |   0.0 |      16 |       0 |   0.0
    Snake:2 |   15530 |    6373 |  29.1 |      25 |       8 |  24.2
    Snake:3 |    4190 |       0 |   0.0 |      11 |       0 |   0.0
      Orc:1 |    2485 |       0 |   0.0 |      14 |       0 |   0.0
      Orc:2 |    1415 |   14188 |  90.9 |      22 |      59 |  72.8
   Vaults:1 |   28567 |   28086 |  49.6 |      47 |      36 |  43.4
   Vaults:2 |   26404 |   14217 |  35.0 |      35 |      20 |  36.4
   Vaults:3 |   18150 |   26731 |  59.6 |      25 |      38 |  60.3
    Abyss:3 |   17465 |       0 |   0.0 |      38 |       0 |   0.0
    Ossuary |       0 |     306 | 100.0 |       0 |      16 | 100.0
            +---------+---------+-------+---------+---------+-------
